 Dungeon Crawl Stone Soup version 0.31-a0-507-gbafd7f5274 (webtiles) character file.

Game seed: 4705721643557900308

75 javelincjr the Trooper (level 4, -1/35 HPs)
             Began as a Demonspawn Fighter on Aug 9, 2023.
             Slain by a gnoll
             ... wielding a +0 flail
              (5 damage)
             ... on level 2 of the Dungeon.
             The game lasted 00:03:24 (1203 turns).

javelincjr the Trooper (Demonspawn Fighter)         Turns: 1203, Time: 00:03:25

Health: -1/35      AC:  6    Str: 19    XL:     4   Next: 11%
Magic:  4/4        EV:  9    Int:  9    God:
Gold:   61         SH:  4    Dex: 12    Spells: 3/3 levels left

rFire   . . .        a - +0 trident
rCold   . . .        c - +0 buckler
rNeg    . . .        b - +0 scale mail
rPois   .            (no helmet)
rElec   .            (no cloak)
rCorr   .            (no gloves)
SInv    .            (no boots)
Will    .....        (no amulet) Stlth
                     (no ring)
HPRegen 0.25/turn    (no ring)
MPRegen 0.09/turn

%: no passive effects
@: no status effects
A: ignite blood 1, powered by pain 1
a: no special abilities


You were on level 2 of the Dungeon.
You visited 1 branch of the dungeon, and saw 2 of its levels.

You collected 61 gold pieces.

Inventory:

Hand Weapons
 a - a +0 trident (weapon)
Armour
 b - a +0 scale mail (worn)
 c - a +0 buckler (worn)
 j - a +0 kite shield
Scrolls
 f - a scroll of poison {unknown}
 h - a scroll of noise {unknown}
 k - a scroll of teleportation {unknown}
Potions
 d - a potion of might
 e - a potion of attraction {unknown}
 g - a potion of enlightenment {unknown}
 i - a potion of degeneration {unknown}
 l - a potion of mutation {unknown}


   Skills:
 + Level 3.5 Fighting
 + Level 2.5 Polearms
 + Level 3.2 Armour
 + Level 3.2 Shields


You had 3 spell levels left.
You didn't know any spells.
Your spell library was empty.

Dungeon Overview and Level Annotations

Branches:
Dungeon (2/15)

Altars:


Innate Abilities, Weirdness & Mutations

Your demonic aura sometimes causes spilled blood to erupt in flames.
You sometimes gain a little power by taking damage.


Message History

You kill the goblin!
You closely miss the gnoll. You hit the gnoll.
The gnoll is lightly wounded.
The gnoll barely misses you.
You hit the gnoll.
The gnoll is moderately wounded.
The gnoll hits you with a +0 whip.
You puncture the gnoll!
The gnoll is almost dead.
The gnoll barely misses you.
You barely miss the gnoll.
The gnoll is almost dead.
The gnoll hits you with a +0 whip.
You hit the gnoll but do no damage.
The gnoll is almost dead.
The gnoll hits you with a +0 whip. The gnoll completely misses you.
You hit the gnoll.
You kill the gnoll!
You have reached level 4!
You feel stronger.
You hit the gnoll but do no damage. The gnoll hits you with a +0 flail.
You barely miss the gnoll. The gnoll hits you with a +0 flail.
You are too injured to fight recklessly!
You are too injured to fight recklessly!
You closely miss the gnoll. The gnoll hits you with a +0 flail!
* * * LOW HITPOINT WARNING * * *
The gnoll hits you with a +0 flail.
* * * LOW HITPOINT WARNING * * *
There is a stone staircase leading down here.
The gnoll throws a throwing net.
The throwing net hits you.
You become entangled in the net!
You see here a throwing net.
You tear a large gash into the net.
You struggle against the net.
The gnoll barely misses you.
You are too injured to fight recklessly!
You shred the net and break free! The gnoll hits you with a +0 flail!
* * * LOW HITPOINT WARNING * * *
You barely miss the gnoll. The gnoll hits you with a +0 flail.
You die...

.#†#.##.#....##.##........# #.#
.†....#.#....##.##........###.#
.#.#..#.#.....#'##.......(#...#
.#......#.................#.###
.'......#####.............#g#
##......# #.............#.#
........# ##.).....######.##
......#.######.[.g>..........##
...#.##.........@g..####.###..#
...#.##........####.# #.# ##.#
...'.##..........##.# #.# #.#
...####.....####.#### #.# #.#
...# #.....####+#######+####.#
...# #.....##....#PPP#....##.#
...# #.....##....#####....##.#
#### #####..'.............'..#
#.##.............##.#


You could see 2 gnolls.

Vanquished Creatures
  A gnoll (D:2)
  2 adders (D:2)
  A dart slug (D:1)
  6 bats
  2 endoplasms (D:1)
  4 giant cockroaches
  7 goblins
  2 hobgoblins
  4 jackals (D:2)
  2 kobolds
  5 ball pythons
  5 frilled lizards
  3 rats
44 creatures vanquished.

Notes
Turn   | Place    | Note
-------+----------+-------------------------------------------
     0 | D:1      | javelincjr the Demonspawn Fighter began the quest for the
                  | Orb.
     0 | D:1      | Reached XP level 1. HP: 18/18 MP: 1/1
   192 | D:1      | Gained mutation: You sometimes gain a little power by
                  | taking damage. [demonic ancestry]
   192 | D:1      | Reached XP level 2. HP: 22/24 MP: 2/2
   576 | D:1      | Gained mutation: Your demonic aura sometimes causes spilled
                  | blood to erupt in flames. [demonic ancestry]
   576 | D:1      | Reached XP level 3. HP: 22/29 MP: 3/3
  1173 | D:2      | Reached XP level 4. HP: 22/35 MP: 4/4
  1203 | D:2      | Slain by a gnoll

Illustrated notes

Levels and vault maps discovered:
D:1:      tekkud_arrival_beachfront_property, layout_basic, serial_curves,
          eino_curves_01, eino_curves_02
D:2:      layout_basic, serial_aquarium, aquarium_bridge_straight
          [aquarium_subvault_bridge, aquarium_subvault_window,
          aquarium_subvault_bridge, aquarium_subvault_wall],
          aquarium_window_corridor_1, aquarium_window_corner, aquarium_view_2b,
          aquarium_pool_five, basic_ecumenical_altar

Skill      XL: |  1  2 |
---------------+-------+-----
Polearms       | 2 |  2.5
Shields        | 3 |  3.2
Armour         | 3 |  3.2
Fighting       | |  3.5

Action                     |  1- 3 |  4- 6 || total
---------------------------+-------+-------++-------
  Melee: Trident           |   161 |     4 ||   165
 Armour: Scale mail        |    88 |       ||    88
  Dodge: Dodged            |    60 |     1 ||    61
  Block: Buckler           |    40 |       ||    40

Table legend: (Time is in decaauts)
 A = Elapsed time spent in this place.
 B = Non-inter-level travel time spent in this place.
 C = Inter-level travel time spent in this place.
 D = Time resting spent in this place.
 E = Time spent auto-exploring this place.
 F = Levels seen in this place.
 G = Mean time per level.
                   A        B        C        D        E       F      G
               +--------+--------+--------+--------+--------+-----+--------+
         Total |   1240 |   1216 |     24 |      0 |    874 |   2 |  620.0 |
       Dungeon |   1240 |   1216 |     24 |      0 |    874 |   2 |  620.0 |
               +--------+--------+--------+--------+--------+-----+--------+

Top non-repeatable levels by time:
     D:1: 783 daAuts
     D:2: 457 daAuts
